 Dungeon Crawl Stone Soup version 0.29.1-15-g9cfb28693d (webtiles) character file.

Game seed: 15837559572764906334

7 croobank the Charlatan (level 1, 0/10 HPs)
             Began as a Spriggan Artificer on Feb 24, 2023.
             Slain by an endoplasm (1 damage)
             ... on level 2 of the Dungeon.
             The game lasted 00:05:49 (1500 turns).

croobank the Charlatan (Spriggan Artificer)         Turns: 1500, Time: 00:05:50

Health: 0/10       AC:  2    Str:  8    XL:     1   Next: 83%
Magic:  2/2        EV: 17    Int: 12    God:
Gold:   101        SH:  0    Dex: 15    Spells: 0/0 levels left

rFire   . . .      SeeInvis +   r - +0 dagger
rCold   . . .      Faith    .   (no shield)
rNeg    . . .      Spirit   .   b - +0 robe
rPois   .          Reflect  .   (helmet restricted)
rElec   .          Harm     .   (no cloak)
rCorr   .          Rampage  .   (gloves unavailable)
Will    .....                   (boots unavailable)
Stlth   +.........              (no amulet)
HPRegen 0.03/turn               (no ring)
MPRegen 0.08/turn               (no ring)

@: silenced, very quick
A: very small, no large weapons, unfitting armour, see invisible, speed 3
a: no special abilities


You were on level 2 of the Dungeon.
You visited 1 branch of the dungeon, and saw 2 of its levels.

You collected 101 gold pieces.

Inventory:

Hand Weapons
 a - a +0 club
 r - a +0 dagger (weapon)
Armour
 b - a +0 robe (worn)
Wands
 c - a wand of flame (12) (quivered)
 d - a wand of charming (15)
 e - a wand of iceblast (5)
Scrolls
 j - a scroll of fog {unknown}
 k - a scroll of amnesia {unknown}
 l - a scroll of poison {unknown}
 n - 2 scrolls of teleportation {unknown}
 q - a scroll of enchant weapon {unknown}
Potions
 f - 2 potions of heal wounds
 g - a potion of haste {unknown}
 h - 2 potions of lignification {unknown}
 p - a potion of might {unknown}


   Skills:
 + Level 1.0 Fighting
 + Level 0.2 Short Blades
 + Level 3.3 Dodging
 + Level 2.0 Stealth
 + Level 4.1 Evocations


You couldn't memorise any spells.
You didn't know any spells.
Your spell library contained the following spells:

 Spells                   Type           Power      Damage    Failure   Level
 Sandblast                Erth           0%         2d4       32%         1
 Sting                    Tmut/Pois      0%         1d3       32%         1
 Passwall                 Tmut/Erth      0%         N/A       45%         2
 Sublimation of Blood     Necr           0%         N/A       45%         2
 Wereblood                Tmut           0%         N/A       45%         2
 Borgnjor's Vile Clutch   Necr/Erth      0%         N/A       100%        5
 Summon Hydra             Summ           0%         N/A       100%        7


Dungeon Overview and Level Annotations

Branches:
Dungeon (2/15)

Altars:


Innate Abilities, Weirdness & Mutations

You are very small and have problems with some larger weapons.
You are too small for most types of armour.
You have supernaturally acute eyesight. (SInv)
You cover ground extremely quickly. (Speed+++)


Message History

The rat closely misses you.
You barely miss the rat. Your punch misses the rat.
The rat is heavily wounded.
The rat barely misses you.
You hit the rat.
You kill the rat!
Your Fighting skill increases to level 1!
A giant cockroach comes into view.
An endoplasm comes into view.
You see here 12 gold pieces.
You now have 101 gold pieces (gained 12).
The endoplasm quivers.
As you read the scroll labelled BAJUBB BEHIOSO, it crumbles to dust.
A profound silence engulfs you.
It was a scroll of silence.
You hit the giant cockroach.
The giant cockroach is heavily wounded.
The giant cockroach completely misses you.
You hit the giant cockroach.
You kill the giant cockroach!
Your Stealth skill increases to level 2!
The endoplasm freezes you.
You are frozen.
You see here a giant cockroach corpse.
You hit the endoplasm.
The endoplasm is severely wounded.
The endoplasm freezes you.
You are frozen.
You hit the endoplasm.
The endoplasm is almost dead.
The endoplasm hits you.
* * * LOW HITPOINT WARNING * * *
You hit the endoplasm but do no damage.
The endoplasm is almost dead.
The endoplasm freezes you.
You are frozen.
* * * LOW HITPOINT WARNING * * *
You barely miss the endoplasm.
The endoplasm is almost dead.
The endoplasm hits you.
You die...

.. #... ..# ..##
..#....#.. ....
.......#.. ...
..........
#..#.#.......
#..#.#....#..
#....J.......
.##..#@#....#
..........#.. .#..#
####..#.#.#.#
#.#..#.#
##..#.#.#.###.#..#.
..................
###..#.#..†........
#............#.## .
##.#####.###.#.##...
#. #............


You could see an endoplasm (unsilenced).

Vanquished Creatures
  A giant cockroach (D:2)
  A goblin (D:2)
  A hobgoblin (D:1)
  A ball python (D:2)
  A bat (D:1)
  A frilled lizard (D:2)
  A rat (D:2)
7 creatures vanquished.

Notes
Turn   | Place    | Note
-------+----------+-------------------------------------------
     0 | D:1      | croobank the Spriggan Artificer began the quest for the
                  | Orb.
     0 | D:1      | Reached XP level 1. HP: 9/9 MP: 2/2
   200 | D:1      | Got Isewnoen's Spellbook of Baneful Bedrock
  1485 | D:2      | Reached skill level 1 in Fighting
  1500 | D:2      | Slain by an endoplasm

Illustrated notes

Levels and vault maps discovered:
D:1:      reono_arrival_mine, layout_basic
D:2:      layout_basic

Skill      XL: |  1 |
---------------+----+-----
Fighting       | 1 |  1.0
Stealth        | 2 |  2.0
Short Blades   | |  0.2
Dodging        | |  3.3
Evocations     | |  4.1

Action                   || total
-------------------------++-------
Melee: Dagger            ||    21
       Club              ||    16
Evoke: Wand              ||     3
  Use: Scroll            ||     1
       Potion            ||     1
Armor: Robe              ||     5
Dodge: Dodged            ||    41
